 Dungeon Crawl Stone Soup version 0.22-b1-59-g0aedee734a (webtiles) character file.

135 Pisosu the Covered (level 4, -4/41 HPs)
             Began as a Minotaur Fighter on Aug 9, 2018.
             Slain by a gnoll
             ... wielding a +3 spear
              (6 damage)
             ... on level 2 of the Dungeon.
             The game lasted 00:03:14 (1646 turns).

Pisosu the Covered (Minotaur Fighter)               Turns: 1646, Time: 00:03:15

Health: -4/41      AC:  7    Str: 22    XL:     4   Next: 96%
Magic:  3/3        EV:  7    Int:  5    God:
Gold:   60         SH:  9    Dex:  9    Spells: 3/3 levels left

rFire    . . .     SeeInvis .   a - +0 flail
rCold    . . .     Gourm    .   c - +0 shield
rNeg     . . .     Faith    .   b - +0 scale mail
rPois    .         Spirit   .   (helmet restricted)
rElec    .         Reflect  .   (no cloak)
rCorr    .         Harm     .   (no gloves)
MR       .....                  (no boots)
Stlth    ..........             (no amulet)
HPRegen  0.13/turn              (no ring)
MPRegen  0.08/turn              (no ring)

@: no status effects
A: retaliatory headbutt, horns 2
a: no special abilities


You were on level 2 of the Dungeon.
You were hungry.

You visited 1 branch of the dungeon, and saw 2 of its levels.

You collected 60 gold pieces.

Inventory:

Hand Weapons
 a - a +0 flail (weapon)
 g - a +3 hunting sling of flaming
Missiles
 i - 14 poisoned needles
 o - 48 stones (quivered)
Armour
 b - a +0 scale mail (worn)
 c - a +0 shield (worn)
Jewellery
 e - an uncursed ring of ice {unknown}
Scrolls
 h - 3 scrolls of random uselessness {unknown}
 k - a scroll of enchant armour {unknown}
 q - a scroll of remove curse {unknown}
 s - a scroll of magic mapping {unknown}
Potions
 d - a potion of might
 j - 2 potions of curing {unknown}
 l - a potion of mutation {unknown}
 m - a potion of lignification {unknown}
 n - a potion of ambrosia {unknown}
 p - a potion of flight {unknown}
Comestibles
 f - 4 rations
 r - 7 chunks of flesh


   Skills:
 + Level 4.3 Fighting
 + Level 3.8 Maces & Flails
 + Level 4.8 Armour
 + Level 4.7 Shields


You had 3 spell levels left.
You didn't know any spells.
Your spell library was empty.

Dungeon Overview and Level Annotations

Branches:
Dungeon (2/15)

Altars:
Qazlal


Innate Abilities, Weirdness & Mutations

You reflexively headbutt those who attack you in melee.
You have a pair of horns on your head.


Message History

The gnoll closely misses you.
The gnoll hits you from afar with an enchanted spear.
* * * LOW HITPOINT WARNING * * *
The gnoll hits you but does no damage.
You barely miss the gnoll. You headbutt the gnoll!
The gnoll is almost dead.
You block the gnoll's attack. The gnoll hits you but does no damage.
You closely miss the gnoll.
The gnoll is almost dead.
You block the gnoll's attack. x2
The gnoll hits you from afar with an enchanted spear.
* * * LOW HITPOINT WARNING * * *
You hit the gnoll but do no damage.
The gnoll is almost dead.
The gnoll closely misses you. You block the gnoll's attack.
The gnoll hits you but does no damage.
You hit the gnoll.
You kill the gnoll!
The gnoll hits you from afar with an enchanted spear.
You die...

### ##.## #.#######
##.#.##
#....(..###.###.##
.###..###.....## ##.#
......g)@..###.###.##
##.....###.# ##.#.##
# ##...#
#.#####.##### # ##.>
..##........# # #.
####.##.###.# # #.
#.##.# # #+## #.##.#
# ##...## #.##.# ####
##.....## #.##.#


You could see a gnoll.

Vanquished Creatures
  A worker ant (D:2)
  2 adders (D:2)
  3 gnolls (D:2)
  3 worms (D:2)
  3 dart slugs
  2 leopard geckos (D:2)
  3 bats
  2 giant cockroaches (D:1)
  8 goblins
  7 hobgoblins
  3 jackals (D:1)
  A quokka (D:2)
  3 frilled lizards (D:1)
  5 kobolds
  2 rats
48 creatures vanquished.

Notes
Turn   | Place    | Note
-------+----------+-------------------------------------------
     0 | D:1      | Pisosu the Minotaur Fighter began the quest for the Orb.
     0 | D:1      | Reached XP level 1. HP: 19/19 MP: 0/0
   173 | D:1      | Reached XP level 2. HP: 23/27 MP: 1/1
   500 | D:1      | Reached XP level 3. HP: 33/33 MP: 2/2
  1171 | D:2      | Found a stormy altar of Qazlal.
  1500 | D:2      | Reached XP level 4. HP: 40/40 MP: 3/3
  1644 | D:2      | HP: 2/40 [gnoll/enchanted spear (4)]
  1646 | D:2      | Slain by a gnoll

Skill      XL: |  1  2  3 |
---------------+----------+-----
Fighting       | 4 |  4.3
Armour         | 4 |  4.8
Shields        | 4 |  4.7
Maces & Flails | 3 |  3.8

Action                   |  1- 3 |  4- 6 || total
-------------------------+-------+-------++-------
Melee: Flail             |    92 |    36 ||   128
       Headbutt          |    16 |     5 ||    21
  Eat: Chunk             |     2 |       ||     2
Armor: Scale mail        |    51 |    20 ||    71
Dodge: Dodged            |    36 |     7 ||    43
Block: Shield            |    64 |    25 ||    89
